 Dungeon Sprint DCSS version 0.31.0-12-g77e489cdc1 (webtiles) character file.

Game seed: 1097245636125263650

14100000 Kallu the Wishgranter (level 27, -121/228 HPs)
             Began as a Djinni Warper on Feb 15, 2024.
             Was the Champion of Makhleb.
             Annihilated by a fleshlord
             ... wielding a +9 great mace
              (349 damage)
             ... in the Dungeon (Sprint VIII: "Arena of Blood").
             The game lasted 00:06:54 (141 turns).

Kallu the Wishgranter (Djinni Warper)                Turns: 141, Time: 00:06:54

Health: -121/228   AC:  6    Str: 10    XL:     27
Gold:   0          EV: 38    Int: 15    God:    Makhleb [******] SH:  0 Dex: 27

rFire   + + .        h - +∞ Axe of Woe
rCold   x . .        (shield currently unavailable)
rNeg    . . .        a - +0 leather armour
rPois   ∞            (no helmet)
rElec   .            (no cloak)
rCorr   .            (no gloves)
SInv    +            (boots unavailable)
Will    ++...        (no amulet)
Stlth   ++++++++++   i - ring of see invisible
HPRegen 0.58/turn    (no ring)
MPRegen 0.00/turn

%: no teleportation, infuse magic (-122 HP)
@: calling dragons, flying
A: sickness immunity, fire resistance 2, cold vulnerability 1, float, innate
caster, HP casting, extra vitality 1
a: Renounce Religion, Minor Destruction, Lesser Servant of Makhleb, Major
Destruction, Greater Servant of Makhleb


You were in the Dungeon.
You worshipped Makhleb.
Makhleb was exalted by your worship.
You visited 1 branch

Inventory:

Hand Weapons
 h - the +∞ Axe of Woe (weapon)
   (You found it in the Dungeon)
Missiles
 c - 7 darts of dispersal
Armour
 a - a +0 leather armour (worn)
Jewellery
 i - a ring of see invisible (left hand)
Scrolls
 b - 2 scrolls of blinking
Potions
 d - a potion of curing
 e - a potion of heal wounds
 f - a potion of haste
 g - a potion of berserk rage


   Skills:
 O Level 27 Fighting
 O Level 27 Short Blades
 O Level 27 Long Blades
 O Level 27 Axes
 O Level 27 Maces & Flails
 O Level 27 Polearms
 O Level 27 Staves
 O Level 27 Ranged Weapons
 O Level 27 Throwing
 O Level 27 Armour
 O Level 27 Dodging
 O Level 27 Stealth
 O Level 27 Shields
 O Level 27 Unarmed Combat
 O Level 27 Spellcasting
 O Level 27 Conjurations
 O Level 27 Hexes
 O Level 27 Summonings
 O Level 27 Necromancy
 O Level 27 Translocations
 O Level 27 Fire Magic
 O Level 27 Ice Magic
 O Level 27 Air Magic
 O Level 27 Earth Magic
 O Level 27 Alchemy
 O Level 27 Invocations
 O Level 27 Evocations
 O Level 27 Shapeshifting


You knew the following spells:

 Your Spells              Type           Power      Damage    Failure   Level
a - Blink                 Tloc           100%       N/A       0%          2
b - Lesser Beckoning      Tloc           100%       N/A       0%          2
c - Teleport Other        Tloc           79%        N/A       0%          3
d - Manifold Assault      Tloc           79%        N/A       0%          4
e - Vhi's Electric Charg  Tloc/Air       100%       N/A       0%          4
f - Kiss of Death         Conj/Necr      100%       2d13      0%          1
g - Static Discharge      Conj/Air       100%       3-8/arc   0%          2
h - Swiftness             Air            79%        N/A       0%          3
i - Sticky Flame          Fire/Alch      79%        2d12      0%          4
j - Arcjolt               Conj/Air       39%        1d49      0%          5
k - Summon Mana Viper     Hex/Summ       79%        N/A       0%          5
l - Starburst             Conj/Fire      39%        6d11      0%          6
m - Spellforged Servitor  Conj/Summ      39%        N/A       1%          7
n - Conjure Ball Lightni  Conj/Air       39%        3x3d13    0%          6
o - Ozocubu's Refrigerat  Ice            39%        4d16      1%          7
p - Summon Hydra          Summ           39%        N/A       1%          7
q - Death's Door          Necr           39%        N/A       3%          9
r - Dragon's Call         Summ           39%        N/A       3%          9
Your spell library was empty.

Dungeon Overview and Level Annotations

Branches:
Dungeon (1/1)

Altars:
Makhleb


Innate Abilities, Weirdness & Mutations

You are immune to sickness and miasma.
You are immune to poison.
Your flesh is very heat resistant. (rF++)
You are vulnerable to cold. (rC-)
You float through the air rather than walking.
You learn spells naturally, not from books.
Your magical power is your life essence.
You have superior vitality. (+4 MHP)


Message History

You kill the bag of meat!
Makhleb accepts your kill.
You slice the bag of meat!!
You dissect the bag of meat like a pig carcass.
You kill the bag of meat!
Makhleb accepts your kill.
You hear a shout!
Your shadow dragon convulses!
The fleshlord convulses!
Your fire dragon convulses!
A dread comes into view.
A tyrant comes into view.
Your golden dragon breathes poison at the fleshlord.
The blast of poison misses you.
The blast of poison engulfs the fleshlord!
The fleshlord gestures wildly while chanting.
The fleshlord seems to speed up.
Something closely misses your ice dragon.
Space momentarily warps into an impossible shape!
You hit the tyrant.
You dissect the tyrant like a pig carcass.
You destroy the tyrant!
Makhleb accepts your kill.
You feel better.
You slash the fleshlord!
You butcher the fleshlord messily.
You kill the fleshlord!
Makhleb accepts your kill.
You slash the dread!
You cleave the dread in twain.
You destroy the dread!
Makhleb accepts your kill.
You hear a shout!
You hear a roar!
A fireball appears from out of your range of vision.
The fireball explodes!
The fireball engulfs your ice dragon!!!!
Your ice dragon is burned terribly!
Your ice dragon dies!
Your ice dragon's corpse disappears in a puff of smoke!
A dread comes into view.
The fleshlord is poisoned.
The fleshlord hits you with a +9 great mace!!!!!!
Ouch! That really hurt!
You die...

#################
####...☼☼☼☼§.......####
#.†.)).☼@p☼§))).......###
...).).D○##○##)#####......
..))..))D.L)§).)O..o......
..####).D☼§##)##Oo.o.....o
o ))))))oO.°))..o.....o.
))...)..o§#☼#W.)o...#o
#)§).))§)V...○.°.☼.###
..#.)).†)O§ooW○°.)☼.....O
...#........Do).§§§.....o


You could see a fleshlord (fast, distracted, poisoned, ally target), a dread, a
friendly shadow dragon (summoned), a friendly golden dragon (summoned, very
poisoned, catching breath) and a friendly fire dragon (summoned).

Vanquished Creatures
  8 hell knights (D)
  16 hell beasts (D)
  Edmund (D)
  13 royal mummies (D)
  9 wraiths (D)
  8 great orbs of eyes (D)
  20 vampire knights (D)
  45 ogres (D)
  13 two-headed ogres (D)
  7 liches (D)
  9 hydras (D)
  9 phantoms (D)
  105 orcs (D)
  8 skeletal warriors (D)
  9 sea snakes (D)
280 creatures vanquished.

Vanquished Creatures (others)
  An ogre (D)
  A two-headed ogre (D)
  A hydra (D)
3 creatures vanquished.

Grand Total: 283 creatures vanquished

Notes
Turn   | Place    | Note
-------+----------+-------------------------------------------
     0 | D        | Found the +∞ Axe of Woe
     0 | D        | Kallu the Djinni Warper began the quest for the Orb.
     0 | D        | Kallu set off with the following spells memorised: Blink,
                  | Lesser Beckoning, Teleport Other, Manifold Assault, Vhi's
                  | Electric Charge.
     0 | D        | Reached XP level 1. HP: 18/18 MP: 0/0
     4 | D        | Became a worshipper of Makhleb the Destroyer
     4 | D        | Noticed a meat berserker
     5 | D        | Noticed a bag of meat
     5 | D        | Noticed a bag of meat
     6 | D        | Killed a meat berserker
     6 | D        | Noticed a meat berserker
     7 | D        | Reached skill level 15 in Fighting
     7 | D        | Reached XP level 2. HP: 43/43 MP: 0/0
     7 | D        | Reached XP level 3. HP: 49/49 MP: 0/0
     7 | D        | Learned a level 1 spell: Kiss of Death
     7 | D        | Reached XP level 4. HP: 55/55 MP: 0/0
     7 | D        | Reached XP level 5. HP: 60/60 MP: 0/0
     7 | D        | Learned a level 2 spell: Static Discharge
     7 | D        | Reached XP level 6. HP: 67/67 MP: 0/0
     7 | D        | Reached XP level 7. HP: 72/72 MP: 0/0
     7 | D        | Learned a level 3 spell: Swiftness
     7 | D        | Reached XP level 8. HP: 78/78 MP: 0/0
     7 | D        | Reached XP level 9. HP: 85/85 MP: 0/0
     7 | D        | Learned a level 4 spell: Sticky Flame
     7 | D        | Reached XP level 10. HP: 91/91 MP: 0/0
     7 | D        | Reached XP level 11. HP: 96/96 MP: 0/0
     7 | D        | Learned a level 5 spell: Arcjolt
     7 | D        | Reached XP level 12. HP: 103/103 MP: 0/0
     9 | D        | Noticed a bag of meat
     9 | D        | Noticed a bag of meat
     9 | D        | Killed a meat berserker
     9 | D        | Reached * piety under Makhleb
     9 | D        | Killed a bag of meat
     9 | D        | Noticed a meat berserker
    10 | D        | Reached XP level 13. HP: 115/115 MP: 0/0
    10 | D        | Learned a level 5 spell: Summon Mana Viper
    10 | D        | Reached XP level 14. HP: 121/121 MP: 0/0
    10 | D        | Killed a bag of meat
    10 | D        | Noticed a bag of meat
    11 | D        | Noticed a bag of meat
    11 | D        | Noticed a bag of meat
    11 | D        | Noticed a large bag of meat
    11 | D        | Noticed a meat berserker
    11 | D        | Killed a meat berserker
    11 | D        | Reached ** piety under Makhleb
    11 | D        | Noticed a meat berserker
    12 | D        | Reached XP level 15. HP: 129/133 MP: 0/0
    12 | D        | Learned a level 6 spell: Starburst
    13 | D        | Reached *** piety under Makhleb
    13 | D        | Noticed a meat berserker
    14 | D        | Reached XP level 16. HP: 145/145 MP: 0/0
    14 | D        | Noticed a meat berserker
    14 | D        | Noticed a meat berserker
    14 | D        | Noticed a destroyer
    14 | D        | Killed a large bag of meat
    14 | D        | Reached **** piety under Makhleb
    15 | D        | Reached XP level 17. HP: 149/156 MP: 0/0
    15 | D        | Learned a level 7 spell: Spellforged Servitor
    15 | D        | Noticed a meat berserker
    15 | D        | Noticed a meat berserker
    17 | D        | Reached skill level 27 in Spellcasting
    17 | D        | Reached skill level 27 in Conjurations
    17 | D        | Reached skill level 27 in Hexes
    17 | D        | Reached skill level 27 in Summonings
    17 | D        | Reached skill level 27 in Necromancy
    17 | D        | Reached skill level 27 in Translocations
    17 | D        | Reached skill level 27 in Fire Magic
    17 | D        | Reached skill level 27 in Ice Magic
    17 | D        | Reached skill level 27 in Air Magic
    17 | D        | Reached skill level 27 in Earth Magic
    17 | D        | Reached skill level 27 in Alchemy
    17 | D        | Reached ***** piety under Makhleb
    18 | D        | Reached skill level 27 in Fighting
    18 | D        | Killed a destroyer
    19 | D        | Reached XP level 18. HP: 167/167 MP: 0/0
    22 | D        | Killed a meat berserker
    23 | D        | Reached skill level 27 in Axes
    23 | D        | Reached skill level 5 in Armour
    23 | D        | Reached skill level 5 in Unarmed Combat
    24 | D        | Reached skill level 5 in Maces & Flails
    24 | D        | Reached skill level 5 in Polearms
    24 | D        | Reached skill level 5 in Throwing
    24 | D        | Reached skill level 5 in Stealth
    24 | D        | Killed a meat berserker
    25 | D        | Reached skill level 10 in Armour
    25 | D        | Reached skill level 10 in Stealth
    25 | D        | Reached XP level 19. HP: 165/174 MP: 0/0
    25 | D        | Learned a level 6 spell: Conjure Ball Lightning
    25 | D        | Reached ****** piety under Makhleb
    26 | D        | Killed a meat berserker
    27 | D        | Reached skill level 15 in Armour
    27 | D        | Reached skill level 15 in Unarmed Combat
    27 | D        | Reached XP level 20. HP: 181/181 MP: 0/0
    28 | D        | Reached skill level 15 in Stealth
    29 | D        | Reached skill level 15 in Maces & Flails
    29 | D        | Reached skill level 15 in Polearms
    29 | D        | Reached skill level 15 in Throwing
    29 | D        | Reached XP level 21. HP: 187/187 MP: 0/0
    29 | D        | Learned a level 7 spell: Ozocubu's Refrigeration
    29 | D        | Killed a meat berserker
    30 | D        | Killed a meat berserker
    30 | D        | Killed a meat berserker
    31 | D        | Reached XP level 22. HP: 194/194 MP: 0/0
    32 | D        | Killed a meat berserker
    35 | D        | Reached XP level 23. HP: 201/201 MP: 0/0
    35 | D        | Learned a level 7 spell: Summon Hydra
    38 | D        | Noticed a destroyer
    39 | D        | Noticed a destroyer
    39 | D        | Noticed a large bag of meat
    39 | D        | Noticed a large bag of meat
    40 | D        | Killed a large bag of meat
    41 | D        | Reached skill level 27 in Dodging
    41 | D        | Reached XP level 24. HP: 208/208 MP: 0/0
    41 | D        | Killed a destroyer
    42 | D        | Noticed a destroyer
    42 | D        | Killed a large bag of meat
    42 | D        | Killed a destroyer
    42 | D        | Noticed a destroyer
    43 | D        | Reached skill level 27 in Armour
    43 | D        | Reached skill level 27 in Unarmed Combat
    43 | D        | Reached skill level 27 in Invocations
    43 | D        | Reached XP level 25. HP: 214/214 MP: 0/0
    43 | D        | Learned a level 9 spell: Death's Door
    43 | D        | Killed a destroyer
    44 | D        | Reached skill level 27 in Stealth
    44 | D        | Killed a destroyer
    45 | D        | Reached skill level 27 in Maces & Flails
    45 | D        | Reached skill level 27 in Polearms
    45 | D        | Reached skill level 27 in Throwing
    46 | D        | Noticed a destroyer
    46 | D        | Killed a destroyer
    47 | D        | Reached skill level 27 in Staves
    47 | D        | Reached XP level 26. HP: 221/221 MP: 0/0
    47 | D        | Noticed a destroyer
    47 | D        | Killed a destroyer
    48 | D        | Noticed a large bag of meat
    49 | D        | Killed a large bag of meat
    49 | D        | Noticed a large bag of meat
    50 | D        | Reached skill level 10 in Ranged Weapons
    50 | D        | Reached skill level 10 in Shapeshifting
    50 | D        | Noticed an accursed
    50 | D        | Killed an accursed
    50 | D        | Killed a large bag of meat
    51 | D        | Reached skill level 15 in Short Blades
    51 | D        | Reached skill level 15 in Long Blades
    51 | D        | Reached XP level 27. HP: 228/228 MP: 0/0
    51 | D        | Learned a level 9 spell: Dragon's Call
    54 | D        | Noticed a destroyer
    55 | D        | Reached skill level 15 in Ranged Weapons
    55 | D        | Reached skill level 15 in Shapeshifting
    55 | D        | Killed a destroyer
    56 | D        | Noticed a tyrant
    57 | D        | Killed a tyrant
    58 | D        | Noticed an accursed
    59 | D        | Noticed a dread
    59 | D        | Killed a dread
    59 | D        | Killed an accursed
    59 | D        | Noticed a destroyer
    60 | D        | Killed a destroyer
    60 | D        | Noticed a large bag of meat
    61 | D        | Killed a large bag of meat
    62 | D        | Reached skill level 27 in Shields
    62 | D        | Reached skill level 27 in Evocations
    63 | D        | Noticed a dread
    63 | D        | Killed a dread
    63 | D        | Noticed an accursed
    63 | D        | Noticed a destroyer
    64 | D        | Reached skill level 27 in Short Blades
    64 | D        | Reached skill level 27 in Long Blades
    64 | D        | Killed an accursed
    64 | D        | Killed a destroyer
    64 | D        | Noticed a destroyer
    65 | D        | Reached skill level 27 in Ranged Weapons
    65 | D        | Reached skill level 27 in Shapeshifting
    65 | D        | Killed a destroyer
    67 | D        | Noticed a large bag of meat
    68 | D        | Noticed a dread
    68 | D        | Killed a dread
    68 | D        | Killed a large bag of meat
    68 | D        | Noticed a meat beast
    68 | D        | Noticed a destroyer
    68 | D        | Noticed a dread
    69 | D        | Killed a meat beast
    69 | D        | Killed a dread
    69 | D        | Killed a destroyer
    69 | D        | Noticed a large bag of meat
    70 | D        | Killed a large bag of meat
    71 | D        | Noticed a large bag of meat
    72 | D        | Killed a large bag of meat
    75 | D        | Noticed an accursed
    75 | D        | Noticed a large bag of meat
    76 | D        | Killed an accursed
    76 | D        | Killed a large bag of meat
    77 | D        | Noticed a dread
    78 | D        | Killed a dread
    78 | D        | Noticed a destroyer
    79 | D        | Killed a destroyer
    80 | D        | Noticed a large bag of meat
    80 | D        | Noticed a meat beast
    81 | D        | Killed a large bag of meat
    81 | D        | Killed a meat beast
    81 | D        | Noticed a meat beast
    82 | D        | Killed a meat beast
    82 | D        | Noticed a large bag of meat
    83 | D        | Noticed an accursed
    83 | D        | Noticed an accursed
    83 | D        | Noticed a meat beast
    84 | D        | Killed an accursed
    84 | D        | Killed an accursed
    84 | D        | Noticed a meat beast
    85 | D        | Noticed a meat beast
    85 | D        | Noticed a meat beast
    86 | D        | Killed a meat beast
    86 | D        | Killed a meat beast
    86 | D        | Noticed a destroyer
    87 | D        | Noticed an accursed
    87 | D        | Noticed a meat beast
    88 | D        | Noticed a destroyer
    88 | D        | Killed a destroyer
    88 | D        | Killed a meat beast
    88 | D        | Noticed a meat beast
    88 | D        | Noticed a destroyer
    89 | D        | Noticed a large bag of meat
    89 | D        | Killed a meat beast
    89 | D        | Noticed a meat beast
    89 | D        | Noticed a meat beast
    89 | D        | Noticed a meat beast
    89 | D        | Noticed a meat beast
    90 | D        | Killed a meat beast
    90 | D        | Killed a meat beast
    91 | D        | Killed a meat beast
    91 | D        | Noticed a dread
    92 | D        | Noticed an accursed
    92 | D        | Noticed a destroyer
    92 | D        | Killed a meat beast
    92 | D        | Killed a destroyer
    92 | D        | Noticed an accursed
    92 | D        | Noticed a dread
    94 | D        | Noticed an accursed
    95 | D        | Killed a meat beast
    95 | D        | Killed an accursed
    95 | D        | Killed a large bag of meat
    96 | D        | Killed an accursed
    96 | D        | Killed a meat beast
    96 | D        | Noticed The Defiler
    98 | D        | Killed The Defiler
    98 | D        | Killed an accursed
    98 | D        | Killed an accursed
   100 | D        | Killed a destroyer
   102 | D        | Killed a dread
   103 | D        | Noticed a tyrant
   104 | D        | Noticed a tyrant
   105 | D        | Killed a destroyer
   107 | D        | Killed a tyrant
   108 | D        | Killed a tyrant
   108 | D        | Noticed a meat beast
   110 | D        | Killed a large bag of meat
   110 | D        | Killed a meat beast
   111 | D        | Noticed a destroyer
   112 | D        | Killed a destroyer
   116 | D        | Killed a dread
   118 | D        | Noticed a large bag of meat
   119 | D        | Killed a large bag of meat
   120 | D        | Noticed a fleshlord
   120 | D        | Noticed a meat beast
   121 | D        | Killed a fleshlord
   121 | D        | Killed a meat beast
   121 | D        | Noticed an accursed
   122 | D        | Killed an accursed
   122 | D        | Noticed a dread
   123 | D        | Killed a dread
   123 | D        | Noticed a tyrant
   124 | D        | Noticed a fleshlord
   124 | D        | Killed a tyrant
   124 | D        | Killed a fleshlord
   124 | D        | Noticed a fleshlord
   125 | D        | Killed a fleshlord
   127 | D        | Noticed a tyrant
   129 | D        | Killed a tyrant
   130 | D        | Noticed a fleshlord
   131 | D        | Killed a fleshlord
   131 | D        | Noticed a tyrant
   132 | D        | Noticed a fleshlord
   132 | D        | Noticed a tyrant
   132 | D        | Noticed an accursed
   133 | D        | Killed a fleshlord
   133 | D        | Killed an accursed
   133 | D        | Noticed a meat beast
   134 | D        | Killed a tyrant
   134 | D        | Killed a meat beast
   134 | D        | Noticed a fleshlord
   135 | D        | Killed a fleshlord
   135 | D        | Noticed a destroyer
   136 | D        | Noticed a fleshlord
   137 | D        | Noticed an accursed
   138 | D        | Killed a destroyer
   138 | D        | Noticed a fleshlord
   139 | D        | Killed a fleshlord
   139 | D        | Killed an accursed
   139 | D        | Noticed a fleshlord
   139 | D        | Noticed a destroyer
   140 | D        | Killed a destroyer
   140 | D        | Noticed a dread
   140 | D        | Noticed a tyrant
   141 | D        | Killed a tyrant
   141 | D        | Killed a fleshlord
   141 | D        | Killed a dread
   141 | D        | Noticed a dread
   141 | D        | Annihilated by a fleshlord

Illustrated notes

Levels and vault maps discovered:
D:        meatsprint

Skill      XL: |  1  2  3  4  5  6  7  8  9 10 11 12 13 14 15 16 17 18 19 20 21 22 23 24 25 26 27 |
---------------+----------------------------------------------------------------------------------+-----
Fighting       | 15 18 21 23 25 27 | 27.0
Axes           | 13 16 17 19 21 26 27 | 27.0
Spellcasting   | 16 20 22 24 26 27 | 27.0
Conjurations   | 16 20 22 24 26 27 | 27.0
Hexes          | 16 20 22 24 26 27 | 27.0
Summonings     | 16 20 22 24 26 27 | 27.0
Necromancy     | 16 20 22 24 26 27 | 27.0
Translocations | 16 20 22 24 26 27 | 27.0
Fire Magic     | 16 20 22 24 26 27 | 27.0
Ice Magic      | 16 20 22 24 26 27 | 27.0
Air Magic      | 16 20 22 24 26 27 | 27.0
Earth Magic    | 16 20 22 24 26 27 | 27.0
Alchemy        | 16 20 22 24 26 27 | 27.0
Maces & Flails | 9 13 15 17 19 22 24 27 | 27.0
Polearms       | 9 13 15 17 19 22 24 27 | 27.0
Throwing       | 9 13 15 17 19 22 24 27 | 27.0
Armour         | 10 15 18 20 22 25 27 | 27.0
Dodging        | 12 16 19 22 24 27 | 27.0
Stealth        | 10 14 16 19 21 23 26 27 | 27.0
Unarmed Combat | 11 15 18 21 22 25 27 | 27.0
Invocations    | 9 14 17 20 22 25 27 | 27.0
Staves         | 27 | 27.0
Short Blades   | 4 15 27 | 27.0
Long Blades    | 4 15 27 | 27.0
Ranged Weapons | 3 13 27 | 27.0
Shields        | 4 16 27 | 27.0
Evocations     | 4 16 27 | 27.0
Shapeshifting  | 3 13 27 | 27.0

Action                     |  1- 3 |  4- 6 |  7- 9 | 10-12 | 13-15 | 16-18 | 19-21 | 22-24 | 25-27 || total
---------------------------+-------+-------+-------+-------+-------+-------+-------+-------+-------++-------
  Melee: Executioner's axe |     1 |       |       |     1 |     4 |    11 |    21 |    23 |   206 ||   267
   Cast: Vhi's Electric Ch |       |       |       |     1 |     3 |     6 |       |       |     2 ||    12
         Manifold Assault  |       |       |       |       |       |     1 |     6 |     8 |    79 ||    94
         Summon Hydra      |       |       |       |       |       |       |       |     2 |       ||     2
         Dragon's Call     |       |       |       |       |       |       |       |       |     2 ||     2
 Armour: Leather armour    |       |       |       |       |       |     3 |     1 |       |    18 ||    22
  Dodge: Dodged            |       |       |       |       |       |       |     1 |       |    13 ||    14
